 Dungeon Crawl Stone Soup version 0.18.1-8-gdd0e5ea (webtiles) character file.

17 MrGreamy the Scratcher (level 2, 0/12 HPs)
             Began as a Felid Transmuter on May 25, 2016.
             Slain by a jackal (2 damage)
             ... on level 1 of the Dungeon.
             The game lasted 00:04:35 (790 turns).

MrGreamy the Scratcher (Felid Transmuter)            Turns: 790, Time: 00:04:36

Health: 0/12       AC:  1    Str:  6    XL:     2   Next: 44%
Magic:  5/6        EV: 18    Int: 14    God:
Gold:   42         SH:  0    Dex: 16    Spells: 2 memorised, 2 levels left
                                        Lives:  0   Deaths: 0

rFire  . . .     SeeInvis +       - Unarmed
rCold  . . .     Gourm    .     (armour unavailable)
rNeg   . . .     Faith    .     (shield unavailable)
rPois  .         Spirit   .     (helmet unavailable)
rElec  .         Dismiss  .     (cloak unavailable)
rCorr  .         Reflect  .     (gloves unavailable)
SustAt .         Harm     .     (boots unavailable)
MR     .....                    (no amulet)
Stlth  ++........               (no ring)
                                e - ring of see invisible

@: appendage, very slightly contaminated, hasted (expiring), very quick, not
resistant to hostile enchantments, unstealthy
A: no armour, no weapons or thrown items, claws 1, fangs 3, horns 2, see
invisible, carnivore 3, speed 1, shaggy fur 1, slow metabolism 1, sharp paws
a: End Transformation


You were on level 1 of the Dungeon.
You were very full.
You had grown temporary horns.
You visited 1 branch of the dungeon, and saw 1 of its levels.

You collected 42 gold pieces.

Inventory:

Missiles
 a - 30 arrows
Jewellery
 e - a ring of see invisible (left paw)
Scrolls
 d - a scroll of enchant armour {unknown}
Potions
 f - a potion of haste
Books
 b - a book of Changes

   Spells                             Type                      Level
   a - Beastly Appendage              Transmutation                1
   b - Sticks to Snakes               Transmutation                2
   c - Spider Form                    Transmutation/Poison         3
   d - Ice Form                       Ice/Transmutation            4
   e - Blade Hands                    Transmutation                5
Comestibles
 c - a bread ration


   Skills:
 + Level 1.0 Fighting
 + Level 2.9 Dodging
 + Level 0.4 Stealth
 + Level 3.3 Unarmed Combat
 + Level 2.3 Spellcasting
 + Level 2.4 Transmutations


You had 2 spell levels left.
You knew the following spells:

 Your Spells              Type           Power        Failure   Level  Hunger
a - Beastly Appendage     Trmt           #.....       10%         1    #......
b - Sticks to Snakes      Trmt           #.......     14%         2    ###....


Dungeon Overview and Level Annotations

Branches:
Dungeon (1/15)

Altars:


Innate Abilities, Weirdness & Mutations

You cannot wear armour.
You are incapable of wielding weapons or throwing items.
You have sharp claws.
You have razor-sharp teeth.
You have supernaturally acute eyesight.
You are carnivorous and can eat meat at any time.
You cover ground quickly.
You are covered in fur (AC +1).
You have a slow metabolism.
Your sharp claws are effective at attacking unaware monsters.
You have a pair of horns on your head.


Message History

The jackal completely misses you. The jackal bites you.
* * * LOW HITPOINT WARNING * * *
Casting: Beastly Appendage
Confirm with . or Enter, or press ? or * to list all spells.
You grow a pair of large bovine horns.
Your extra speed is starting to run out.
The jackal misses you.
You barely miss the jackal. Your headbutt misses the jackal.
The jackal closely misses you.
You miss the jackal. The jackal barely misses you.
You scratch the jackal. Your headbutt misses the jackal.
The jackal is heavily wounded.
You scratch the jackal.
You kill the jackal!
You barely miss the jackal. You scratch the jackal.
The jackal is heavily wounded.
The jackal bites you.
You die...

####### ##### #.....#
...###### #.....# #......#
...... #......# ......
#......# ...#.# #......#
##.#.# ###......## ...#.#
#@..>.....# .#hg.#####
####h###.....########
.#.......# #....#
#.........#... ########.#
#.######.........#.## ...#
#.####.....##.....)......#
##g#
#....#.....##.......#.#...
##.#
####.......######.....[.#.
#.g# #...##### ...........
#.## #...# #...#....#..


You could see a jackal.

Vanquished Creatures
  A dart slug (D:1)
  2 bats (D:1)
  A giant cockroach (D:1)
  3 hobgoblins (D:1)
  A jackal (D:1)
  2 goblins (D:1)
  A kobold (D:1)
  3 rats (D:1)
14 creatures vanquished.

Notes
Turn   | Place    | Note
--------------------------------------------------------------
     0 | D:1      | MrGreamy the Felid Transmuter began the quest for the Orb.
     0 | D:1      | Reached XP level 1. HP: 9/9 MP: 4/4
   281 | D:1      | Reached XP level 2. HP: 9/12 MP: 4/6
   587 | D:1      | Learned a level 2 spell: Sticks to Snakes
   790 | D:1      | Slain by a jackal

Action                   || total
-------------------------++-------
Melee: Unarmed           ||    48
       Bite              ||     3
 Cast: Beastly Appendage ||     7
  Use: Scroll            ||     3
       Potion            ||     1
 Stab: Sleeping          ||     1
  Eat: Meat ration       ||     1
Armor: Skin              ||     2
Dodge: Dodged            ||    57
